Map: At Eternity's Edge LE

Players

RipNHammer - Winner!

  • Race: Terran Terran
  • League: Master
  • Spawn Location: 11:00

May

  • Race: Zerg Zerg
  • League: Master
  • Spawn Location: 5:00

VOD

Have the link to the VOD?

Description

Time

  • Played on: Sept. 6, 2026, 10:15 p.m.
  • Length: 24:41
Show
View Real Time Build Order
Export as new Build Order

RipNHammer Terran - Winner!

Build Orders: Reaper Expand, Hellion Banshee, Mech 

Get SALT Encoding   

  8  0:00  SCV  
  9  0:12  SCV  
  10  0:24  SCV  
  11  0:36  SCV  
  11  0:39  Supply Depot  
  12  0:48  SCV  
  13  0:53  Refinery  
  13  1:01  SCV  
  14  1:06  Barracks  
  14  1:13  SCV  
  15  1:25  SCV  
  16  1:37  SCV  
  17  1:52  Orbital Command  
  17  1:53  Reaper  
  18  2:12  Command Center  
  18  2:18  SCV  
  19  2:26  Factory  
  19  2:33  Refinery  
  19  2:34  Barracks Reactor  
  19  2:35  SCV  
  20  2:46  Supply Depot  
  20  2:48  SCV  
  21  3:08  SCV  
  22  3:17  Starport  
  22  3:20  SCV  
  22  3:21  Hellion x2  
  27  3:29  Orbital Command  
  27  3:32  SCV  
  28  3:44  SCV  
  28  3:45  Hellion  
  28  3:47  Hellion  
  33  3:54  SCV  
  34  3:56  SCV  
  34  4:00  Supply Depot  
  35  4:05  Viking  
  35  4:07  SCV  
  38  4:14  Hellion x2  
  42  4:20  Supply Depot  
  42  4:23  Barracks Tech Lab  
  42  4:24  SCV  
  42  4:26  SCV  
  44  4:36  SCV  
  45  4:38  SCV  
  46  4:48  SCV  
  46  4:50  SCV  
  46  4:52  Command Center  
  48  4:53  Banshee, Cloaking Field  
  48  4:58  Supply Depot  
  51  5:04  SCV x2  
  53  5:12  Hellion x2  
  57  5:16  SCV  
  58  5:28  SCV  
  59  5:30  SCV  
  59  5:32  Factory  
  60  5:37  Banshee  
  61  5:59  Hellion x2  
  61  6:00  SCV  
  66  6:05  Factory  
  66  6:06  SCV  
  66  6:08  Refinery  
  66  6:09  Refinery  
  66  6:10  Orbital Command  
  67  6:14  SCV  
  68  6:18  SCV  
  69  6:28  Cyclone  
  69  6:29  Hellion  
  69  6:30  Hellion  
  76  6:50  Factory Tech Lab  
  76  6:51  Factory  
  74  6:55  Hellion x2  
  74  6:56  SCV  
  74  6:59  Armory  
  74  7:00  Supply Depot  
  79  7:01  Supply Depot  
  79  7:03  SCV  
  80  7:11  Refinery  
  80  7:14  Refinery  
  80  7:17  Orbital Command  
  80  7:22  Cyclone, Siege Tank, Hellion  
  88  7:34  Hellion  
  88  7:35  SCV x2  
  92  7:47  SCV x3  
  95  7:54  Siege Tank  
  96  7:59  SCV  
  95  8:21  Factory Tech Lab, Cyclone  
  95  8:22  Hellion  
  95  8:26  Hellion  
  102  8:30  Supply Depot  
  102  8:31  SCV, Supply Depot  
  102  8:32  Command Center  
  103  8:36  SCV, Siege Tank  
  103  8:40  Engineering Bay, SCV  
  108  8:41  Supply Depot  
  108  8:43  SCV  
  109  8:48  SCV  
  110  8:56  Cyclone, Siege Tank, Hellion  
  110  8:57  Hellion, SCV x2  
  122  9:08  Cyclone  
  125  9:12  Missile Turret  
  125  9:15  Infernal Pre-Igniter  
  125  9:16  Mag-Field Accelerator  
  125  9:17  Hellion  
  125  9:22  SCV x2  
  129  9:28  Siege Tank  
  129  9:30  SCV  
  130  9:34  SCV x2  
  132  9:41  Sensor Tower  
  132  9:42  SCV  
  133  9:46  Cyclone, Siege Tank, Hellion  
  141  9:53  Terran Vehicle Weapons Level 1  
  141  9:55  SCV  
  141  9:56  Armory  
  141  9:57  Factory x2  
  142  10:00  Cyclone  
  142  10:05  Missile Turret  
  145  10:09  SCV x2  
  147  10:20  Siege Tank, Hellion x2  
  154  10:22  Refinery x2  
  152  10:34  Cyclone  
  155  10:41  Cyclone  
  137  10:49  Hellion  
  137  10:50  Hellion  
  137  10:51  Factory Tech Lab, Factory Reactor  
  137  10:52  Siege Tank  
  137  10:54  Factory  
  137  10:55  Planetary Fortress  
  142  11:06  Cyclone  
  142  11:10  Hellion  
  142  11:11  Terran Vehicle And Ship Armor Level 1, SCV  
  147  11:12  Hellion, SCV x2  
  147  11:13  Siege Tank  
  155  11:19  Supply Depot  
  155  11:24  Cyclone x2  
  161  11:32  Hellion  
  160  11:38  Siege Tank  
  143  11:41  Hellion  
  143  11:45  Cyclone  
  118  11:56  Cyclone, SCV x2, Siege Tank  
  118  11:59  Hellion  
  125  12:03  SCV x2  
  127  12:09  Supply Depot  
  127  12:10  Cyclone  
  127  12:11  Missile Turret  
  127  12:14  SCV, Missile Turret  
  131  12:16  Hellion x2  
  131  12:17  Terran Vehicle Weapons Level 2, Siege Tank  
  131  12:20  Missile Turret  
  140  12:22  Hellion  
  140  12:26  Command Center  
  140  12:27  Hellion  
  140  12:28  Siege Tank, Cyclone, Factory Tech Lab  
  148  12:40  Supply Depot, Missile Turret  
  148  12:42  Supply Depot, Siege Tank  
  152  12:44  SCV x3  
  152  12:47  Cyclone  
  152  12:48  Hellion x2  
  152  12:49  Widow Mine, Cyclone  
  164  13:00  Siege Tank, Cyclone  
  164  13:01  Hellion, SCV  
  173  13:06  Terran Vehicle And Ship Armor Level 2  
  173  13:07  SCV x2  
  173  13:08  SCV  
  176  13:14  Siege Tank  
  176  13:16  Hellion  
  176  13:18  Drilling Claws, Smart Servos  
  176  13:19  Siege Tank  
  184  13:21  Cyclone  
  184  13:22  Hellion  
  189  13:32  Siege Tank, Cyclone  
  195  13:43  SCV x2  
  195  13:44  Command Center  
  195  13:47  Siege Tank  
  200  13:48  Missile Turret  
  200  14:06  Missile Turret  
  200  14:08  Supply Depot  
  200  14:09  Unknown  
  186  14:30  Cyclone  
  139  14:41  Cyclone x2, Siege Tank x2, Hellion  
  139  14:42  Hellion  
  149  14:50  Hellion  
  149  14:51  Starport Reactor  
  149  14:52  Terran Vehicle Weapons Level 3  
  152  14:55  Planetary Fortress  
  133  15:03  Cyclone  
  133  15:04  Hellion  
  133  15:05  Hellion x2  
  142  15:11  Widow Mine  
  142  15:13  Siege Tank x2, Cyclone  
  155  15:14  Hellion  
  152  15:36  Cyclone  
  152  15:37  Siege Tank, Hellion  
  152  15:38  Hellion  
  152  15:42  Missile Turret  
  152  15:44  Missile Turret  
  152  15:45  Missile Turret, Cyclone, Siege Tank  
  152  15:47  Cyclone  
  152  15:48  Hellion  
  139  15:59  Hellion, Widow Mine  
  139  16:00  Hellion, Terran Vehicle And Ship Armor Level 3  
  139  16:03  SCV  
  139  16:04  SCV x2  
  148  16:08  Refinery, Siege Tank  
  148  16:09  Cyclone  
  154  16:17  Siege Tank  
  157  16:19  Cyclone, Hellion, Siege Tank  
  157  16:20  Missile Turret  
  157  16:21  Liberator x2  
  157  16:22  SCV  
  172  16:31  SCV  
  172  16:32  SCV  
  174  16:40  Command Center  
  174  16:43  Widow Mine, Hellion  
  174  16:44  Supply Depot  
  174  16:46  Missile Turret  
  178  16:51  Hellion  
  186  16:55  Thor  
  174  17:08  Cyclone, Siege Tank  
  168  17:09  Hellion  
  165  17:16  Cyclone, Siege Tank  
  165  17:17  Hellion  
  165  17:19  Hellion  
  175  17:24  Hellion  
  175  17:25  SCV  
  178  17:38  Cyclone  
  178  17:40  Siege Tank, Cyclone  
  187  17:45  Supply Depot  
  161  17:56  Planetary Fortress  
  140  17:59  Cyclone, Siege Tank, Widow Mine, Hellion  
  140  18:00  Widow Mine, Hellion  
  154  18:12  Cyclone, Siege Tank  
  162  18:13  Hellion  
  162  18:20  Liberator, SCV  
  162  18:21  Hellion, SCV  
  162  18:25  Planetary Fortress, Refinery  
  162  18:26  Refinery  
  168  18:31  Cyclone, Siege Tank, Hellion  
  168  18:34  Cyclone  
  176  18:42  Hellion  
  176  18:43  SCV x2  
  176  18:44  Siege Tank, Cyclone  
  180  19:02  Hellion  
  176  19:03  Siege Tank, Cyclone  
  176  19:05  Hellion  
  176  19:06  Siege Tank  
  176  19:07  SCV x2  
  176  19:08  SCV  
  190  19:16  Cyclone, Siege Tank  
  183  19:19  Hellion, SCV  
  178  19:26  SCV x2  
  180  19:35  Cyclone, Siege Tank  
  184  19:42  Cyclone  
  184  19:43  Hellion x2, Widow Mine x2  
  192  19:46  SCV  
  192  19:48  Siege Tank  
  192  19:49  Hellion  
  198  19:57  SCV x2  
  200  20:32  Terran Ship Weapons Level 1  
  183  20:52  Cyclone, Siege Tank, Widow Mine, Hellion  
  183  20:53  Hellion, Widow Mine  
  182  20:58  Cyclone, Siege Tank, Hellion  
  181  21:15  Hellion  
  183  21:24  Siege Tank  
  185  21:29  Cyclone  
  180  21:41  Supply Depot  
  180  21:42  Supply Depot x2  
  180  21:43  Supply Depot x2  
  170  22:03  Siege Tank x2, Hellion x3, Cyclone  
  180  22:28  Cyclone, Hellion  
  179  22:35  Siege Tank  
  182  22:38  Siege Tank  
  182  22:39  Hellion  
  182  22:41  Hellion  
  189  22:59  Thor x2  
  198  23:22  Viking  
  193  23:31  Thor  
  193  23:33  Viking  
  176  23:52  Viking  
  164  24:06  Barracks  
Show
View Real Time Build Order
Export as new Build Order

May Zerg 

Build Orders: Hatch First 

Get SALT Encoding   

  8  0:00  Drone  
  9  0:10  Drone  
  10  0:17  Drone  
  11  0:27  Overlord  
  11  0:32  Drone  
  12  0:40  Extractor, Drone  
  13  0:45  Drone  
  14  0:52  Drone  
  15  1:00  Drone  
  16  1:18  Hatchery  
  15  1:19  Drone  
  15  1:22  Drone  
  17  1:30  Drone  
  18  1:36  Extractor  
  17  1:42  Spawning Pool  
  17  1:44  Drone  
  17  1:50  Drone  
  18  2:00  Drone  
  19  2:10  Overlord  
  19  2:20  Drone  
  20  2:29  Queen  
  20  2:30  Queen  
  20  2:31  Zergling x4  
  26  2:49  Hatchery  
  25  2:52  Drone  
  26  3:01  Drone x3  
  26  3:04  Drone  
  30  3:10  Overlord  
  30  3:11  Drone  
  31  3:13  Drone  
  32  3:24  Metabolic Boost  
  32  3:31  Drone x2  
  32  3:32  Drone x2  
  36  3:35  Queen  
  38  3:46  Drone x2  
  40  3:49  Overlord x2  
  40  4:00  Queen  
  40  4:01  Drone  
  40  4:02  Drone  
  44  4:07  Queen  
  46  4:13  Zergling x6  
  46  4:14  Drone x2  
  46  4:17  Drone  
  52  4:20  Queen  
  52  4:22  Drone  
  55  4:29  Drone x2  
  55  4:31  Drone x2  
  59  4:32  Drone  
  60  4:40  Overlord x2  
  60  4:47  Roach Warren  
  60  4:48  Drone  
  60  4:49  Overlord  
  60  4:58  Queen, Overlord  
  60  4:59  Overlord  
  62  5:02  Drone x5  
  62  5:03  Drone  
  68  5:08  Drone x2  
  68  5:09  Drone x2  
  68  5:14  Extractor  
  71  5:15  Overlord x2  
  71  5:18  Drone  
  73  5:21  Drone  
  73  5:26  Drone  
  74  5:28  Drone  
  74  5:30  Drone x4  
  74  5:32  Lair  
  74  5:33  Drone  
  74  5:34  Drone x2  
  82  5:35  Extractor  
  79  5:53  Zergling x2  
  79  5:54  Zergling x10  
  83  5:57  Queen  
  83  6:00  Drone  
  86  6:05  Drone x2  
  86  6:09  Extractor  
  86  6:10  Extractor  
  86  6:12  Drone x3  
  86  6:13  Hatchery  
  88  6:20  Drone x3  
  88  6:21  Drone  
  88  6:22  Hatchery  
  88  6:24  Extractor  
  90  6:30  Evolution Chamber x2  
  90  6:32  Baneling Nest  
  87  6:36  Overseer  
  87  6:52  Glial Reconstitution  
  87  7:01  Drone x4  
  88  7:03  Overlord x10  
  91  7:09  Hatchery, Spire  
  85  7:24  Spore Crawler  
  85  7:27  Overseer, Spore Crawler  
  80  7:30  Drone x4  
  80  7:31  Drone x7  
  80  7:36  Centrifugal Hooks  
  86  7:38  Roach  
  86  7:39  Roach x5  
  94  7:53  Spore Crawler  
  94  7:55  Queen  
  94  7:58  Drone, Spore Crawler  
  91  7:59  Drone x10  
  95  8:06  Drone  
  95  8:07  Drone x5  
  95  8:12  Overseer  
  101  8:15  Zerg Melee Weapons Level 1, Zerg Ground Armor Level 1  
  101  8:16  Overseer  
  96  8:21  Drone x4  
  96  8:26  Drone  
  100  8:27  Drone x4  
  104  8:39  Drone x2  
  104  8:40  Drone x3  
  104  8:41  Drone x4  
  112  8:42  Drone x2  
  115  8:49  Ravager  
  115  8:53  Hydralisk Den  
  115  8:56  Zergling x28  
  115  8:57  Zergling x6  
  132  9:07  Queen  
  132  9:10  Hatchery  
  132  9:18  Overseer  
  132  9:19  Corruptor x4  
  132  9:20  Corruptor x3  
  145  9:36  Infestation Pit  
  143  9:45  Extractor, Drone  
  143  9:46  Extractor, Drone x4  
  143  9:47  Drone  
  143  9:49  Hatchery  
  146  9:57  Grooved Spines  
  146  9:58  Hatchery  
  145  10:01  Overseer  
  145  10:04  Zerg Flyer Weapons Level 1  
  145  10:07  Zergling x4  
  145  10:08  Zergling x40  
  145  10:10  Overlord  
  145  10:11  Overlord x5  
  167  10:14  Hive  
  160  10:30  Roach  
  160  10:31  Roach x12  
  177  10:42  Zergling x2  
  154  10:43  Zergling x28  
  154  10:48  Muscular Augments  
  167  10:54  Zerg Ground Armor Level 2, Zerg Missile Weapons Level 1  
  166  11:01  Ravager  
  166  11:02  Ravager x5, Overlord  
  172  11:16  Zergling x2  
  172  11:17  Zergling x52  
  184  11:35  Zergling x2  
  184  11:36  Zergling x30  
  165  11:48  Zergling x8  
  165  11:49  Zergling x22  
  150  11:59  Overseer  
  141  12:06  Roach  
  141  12:07  Roach x15  
  173  12:15  Overseer  
  173  12:24  Hatchery  
  173  12:25  Adrenal Glands  
  173  12:29  Hydralisk  
  172  12:30  Hydralisk x6  
  172  12:31  Hydralisk  
  184  12:58  Unknown  
  164  13:04  Zergling x2  
  164  13:05  Zergling x42  
  176  13:06  Zergling x30  
  197  13:15  Zerg Flyer Weapons Level 2  
  197  13:18  Spire  
  196  13:36  Pneumatized Carapace  
  196  13:38  Zerg Missile Weapons Level 2, Zerg Ground Armor Level 3  
  191  13:48  Overlord  
  190  13:58  Nydus Network  
  190  13:59  Overlord  
  190  14:00  Overseer  
  189  14:08  Baneling  
  189  14:09  Baneling x13  
  189  14:10  Baneling, Overlord  
  189  14:21  Zergling x10  
  189  14:22  Zergling x56  
  189  14:23  Zergling x12  
  149  14:39  Zergling x2  
  149  14:40  Zergling x38  
  151  14:56  Roach  
  151  14:57  Roach x17  
  181  15:10  Nydus Canal  
  181  15:20  Hydralisk x9  
  187  15:41  Zergling x2  
  187  15:42  Zergling x48  
  193  15:54  Hydralisk x5  
  168  16:08  Baneling  
  168  16:09  Baneling x10  
  166  16:13  Baneling  
  166  16:14  Baneling x8  
  166  16:29  Overlord  
  166  16:31  Zerg Flyer Weapons Level 3  
  166  16:33  Greater Spire  
  166  16:44  Mutalisk  
  166  16:45  Roach  
  166  16:46  Roach x14  
  169  17:09  Zergling x18  
  169  17:10  Zergling x46  
  183  17:22  Zerg Missile Weapons Level 3  
  178  17:26  Zergling x2  
  178  17:27  Zergling x28  
  193  17:37  Extractor  
  193  17:39  Extractor, Baneling x11  
  143  18:20  Hatchery  
  143  18:27  Zergling x20  
  143  18:28  Zergling x52  
  175  18:35  Spore Crawler  
  166  18:45  Overseer  
  166  18:46  Overseer  
  164  18:49  Overlord  
  164  18:52  Baneling  
  164  18:53  Baneling x8  
  131  19:03  Roach  
  131  19:04  Roach x8  
  131  19:05  Zergling x2  
  131  19:06  Zergling x44  
  131  19:09  Overseer  
  135  19:35  Hatchery  
  117  19:38  Overlord  
  117  19:44  Hydralisk  
  117  19:45  Hydralisk x6  
  117  19:47  Zergling x2  
  117  19:48  Zergling x38  
  145  20:09  Hatchery  
  145  20:11  Roach x2  
  145  20:12  Roach x9  
  148  20:31  Extractor x2, Drone  
  148  20:32  Drone x4  
  148  20:33  Drone  
  148  20:35  Drone x11  
  159  20:36  Drone x5  
  140  21:07  Roach  
  140  21:08  Roach x7  
  156  21:14  Corruptor  
  156  21:15  Corruptor x3  
  119  21:38  Corruptor x2  
  119  21:39  Corruptor x5  
  110  21:57  Brood Lord  
  110  21:58  Brood Lord x2  
  102  22:09  Roach Warren  
  102  22:10  Brood Lord x3  
  102  22:12  Brood Lord  
  111  22:29  Drone x3  
  94  22:31  Drone  
  94  22:32  Drone x17  
  105  22:52  Roach x10  
  127  23:01  Roach x4  
  135  23:10  Roach x2  
  135  23:11  Roach x3  
  142  23:25  Overlord x2  
  142  23:26  Overlord  
  130  23:46  Roach x7  
  130  23:47  Roach x4  
  137  23:51  Overlord  
  137  23:52  Overlord  
  96  24:03  Roach x3  
  96  24:04  Roach  
  94  24:14  Spawning Pool  
Tags
 
Add a new tag
Caveats
  • Supply blocks, unpowered buildings, or Contaminate may cause inaccurate times.
  • Supply counts are checked every 10 seconds.